 Dungeon Crawl Stone Soup version 0.29-a0-1019-g84f7d21838 (webtiles) character file.

Game seed: 12285745334422885634

840 Zonian the Shooter (level 8, -15/59 HPs)
             Began as a Human Hunter on Aug 11, 2022.
             Was an Initiate of Okawaru.
             Demolished by a wyvern (17 damage)
             ... on level 5 of the Dungeon.
             The game lasted 00:09:17 (6409 turns).

Zonian the Shooter (Human Hunter)                   Turns: 6409, Time: 00:09:18

Health: -15/59     AC:  5    Str: 11    XL:     8   Next: 19%
Magic:  9/9        EV: 13    Int: 10    God:    Okawaru [......]
Gold:   265        SH:  0    Dex: 19    Spells: 5/7 levels left

rFire   . . .      SeeInvis .   a - +0 shortbow
rCold   . . .      Faith    .   (shield currently unavailable)
rNeg    . . .      Spirit   .   c - +1 leather armour
rPois   .          Reflect  .   (no helmet)
rElec   .          Harm     .   (no cloak)
rCorr   .          Rampage  .   l - +0 pair of gloves
Will    .....                   (no boots)
Stlth   ++........              (no amulet)
HPRegen 0.19/turn               (no ring)
MPRegen 0.11/turn               (no ring)

@: no status effects
A: no striking features
a: Renounce Religion


You were on level 5 of the Dungeon.
You worshipped Okawaru.
Okawaru was noncommittal.
You visited 1 branch of the dungeon, and saw 5 of its levels.

You collected 265 gold pieces.

Inventory:

Hand Weapons
 a - a +0 shortbow (weapon)
 d - a +0 short sword
 n - a +1 dagger of venom
 p - a +2 short sword of venom
 q - a +2 short sword of electrocution
Missiles
 e - 19 poisoned darts
Armour
 c - a +1 leather armour (worn)
 l - a +0 pair of gloves (worn)
 v - a +2 scale mail of fire resistance
Magical Staves
 f - a staff of fire
Scrolls
 b - 2 scrolls of immolation
 s - a scroll of enchant armour
 t - 2 scrolls of identify
 u - a scroll of teleportation {unknown}
Potions
 g - 3 potions of curing
 h - a potion of invisibility {unknown}
 i - 3 potions of ambrosia
 j - a potion of haste
 k - a potion of flight {unknown}
 m - a potion of heal wounds {unknown}
 o - 2 potions of lignification {unknown}
 r - a potion of magic {unknown}


   Skills:
 - Level 3.6 Fighting
 + Level 7.6 Ranged Weapons
 - Level 3.5 Dodging
 - Level 3.3 Stealth
 + Level 2.1 Invocations


You had 5 spell levels left.
You knew the following spells:

 Your Spells              Type           Power      Damage    Failure   Level
a - Static Discharge      Conj/Air       0%         3-3/arc   58%         2

Your spell library contained the following spells:

 Spells                   Type           Power      Damage    Failure   Level
 Dispel Undead            Necr           0%         3d6       99%         4
 Sticky Flame             Conj/Fire      0%         2d3       99%         4
 Summon Small Mammal      Summ           Unusable   N/A       N/A         1
 Call Canine Familiar     Summ           Unusable   N/A       N/A         3
 Summon Guardian Golem    Hex/Summ       Unusable   N/A       N/A         3

Dungeon Overview and Level Annotations

Branches:
Dungeon (5/15)
 Temple: D:4-7

Altars:
Hepliaklqana
Okawaru
Xom

Shops:
D:5 *

Annotations:
D:2 1 runed translucent door, Crazy Yiuf
D:5 2 runed translucent doors, bchevrier's ghost, novice GnWn


Message History

You hear an angry hiss.
You hear a shout!
An adder comes into view.
The adder moves out of view.
You shoot an arrow. The arrow completely misses the wyvern.
The arrow hits the adder!
The adder is severely wounded.
The wyvern hisses menacingly.
The wyvern bites you.
You shoot an arrow. The arrow hits the wyvern!
The wyvern is severely wounded.
The wyvern completely misses you. The wyvern bites you!
You shoot an arrow. The arrow hits the wyvern.
The wyvern is severely wounded.
The wyvern bites you! The wyvern completely misses you.
You are too injured to fight recklessly!
You are too injured to fight recklessly!
Unknown command.
Fire: a) +0 shortbow
Press: ? - help, Q - select action, (/) - cycle Shift-Dir - straight line, f/p - wyvern
Aim: a wyvern (severely wounded, 65% to hit)
You shoot an arrow.
The arrow hits the wyvern but does no damage.
The wyvern is severely wounded.
The wyvern barely misses you.
Fire: a) +0 shortbow
Press: ? - help, Q - select action, (/) - cycle Shift-Dir - straight line, f/p - wyvern
Aim: a wyvern (severely wounded, 65% to hit)
You shoot an arrow. The arrow hits the wyvern.
The wyvern is almost dead.
The wyvern bites you! The wyvern bites you.
* * * LOW HITPOINT WARNING * * *
Fire: a) +0 shortbow
Press: ? - help, Q - select action, (/) - cycle Shift-Dir - straight line, f/p - wyvern
Aim: a wyvern (almost dead, 65% to hit)
You shoot an arrow. The arrow barely misses the wyvern.
The arrow barely misses the adder.
The wyvern bites you!
* * * LOW HITPOINT WARNING * * *
The wyvern bites you!
You die...

..........## # ~#.#..#~~~.#~~
.........#### ~~ ~#...?⌠.##⌠?#
.........#..# #l#~#.~#~)###⌠.#
............# .#⌠~#.#.#.##.####
..........#.###.⌠#~~##⌠.#≈.####
..........#..##:.~.#..)###~~#
...^......##..##.~≈~~.#..####
..........###..######.#####
......#....###..@lS...#
......##..## ##########
......##.## ......#### .......#
#..#...# #.##.### ######


You could see a wyvern and an adder.

Vanquished Creatures
  A sky beast (D:5)
  2 ogres (D:4)
  2 phantoms
  2 scorpions (D:4)
  2 jellies
  3 hounds
  An orc priest (D:3)
  4 adders
  4 worms
  2 dart slugs
  7 orcs
  12 ball pythons
  3 bats
  8 endoplasms
  9 goblins
  6 hobgoblins
  2 quokkas
  2 frilled lizards (D:2)
  11 kobolds
  3 rats
86 creatures vanquished.

Notes
Turn   | Place    | Note
-------+----------+-------------------------------------------
     0 | D:1      | Zonian the Human Hunter began the quest for the Orb.
     0 | D:1      | Reached XP level 1. HP: 16/16 MP: 1/1
   143 | D:1      | Reached XP level 2. HP: 22/22 MP: 2/2
   451 | D:1      | Found a faded altar of an unknown god.
   717 | D:1      | Reached XP level 3. HP: 28/28 MP: 3/3
  1710 | D:2      | Reached XP level 4. HP: 34/34 MP: 4/4
  2042 | D:2      | Found a runed translucent door.
  2043 | D:2      | Noticed Crazy Yiuf
  3418 | D:3      | Reached XP level 5. HP: 40/40 MP: 5/5
  3821 | D:4      | Noticed an ogre
  3821 | D:4      | Noticed an ogre
  3821 | D:4      | Found the +6 shillelagh "Devastator" {shatter}
  3930 | D:4      | Reached XP level 6. HP: 44/47 MP: 6/6
  4140 | D:4      | Reached skill level 5 in Ranged Weapons
  4296 | D:4      | Reached XP level 7. HP: 37/52 MP: 7/7
  4677 | D:4      | Reached skill level 6 in Ranged Weapons
  5351 | D:5      | Entered Level 5 of the Dungeon
  5354 | D:5      | Found a runed translucent door.
  5385 | D:5      | Reached skill level 7 in Ranged Weapons
  5394 | D:5      | Found a runed translucent door.
  5395 | D:5      | Noticed bchevrier's ghost (novice GnWn)
  5479 | D:5      | Learned a level 2 spell: Static Discharge
  5502 | D:5      | Found Ihycvyvo's Gadget Gallery.
  5724 | D:5      | Found an iron altar of Okawaru.
  5731 | D:5      | Became a worshipper of Warmaster Okawaru
  5826 | D:5      | Found a hazy altar of Hepliaklqana.
  5895 | D:5      | Found a shimmering altar of Xom.
  5895 | D:5      | Noticed a wyvern
  6130 | D:5      | Reached skill level 1 in Invocations
  6130 | D:5      | Reached XP level 8. HP: 53/59 MP: 7/9
  6409 | D:5      | HP: 2/59 [wyvern (16)]
  6409 | D:5      | Demolished by a wyvern

Illustrated notes

Levels and vault maps discovered:
D:1:      dreamdust_arrival_beginning_and_end, layout_loops_corners,
          chequers_ecumenical_altar_simple_redux
D:2:      layout_basic, minmay_misc_feat_plants, uniq_crazy_yiuf_cottage
D:3:      layout_basic, solitary_fountain
D:4:      layout_layer_cave, dilly_guarded_unrand_devastator
D:5:      layout_cave_pools, lemuel_coloured_pillars_altar, tgw_xom,
          okawaru_trees_1, ebering_ghost_sewer_f, nicolae_shop_gadgets

Skill      XL: |  1  2  3  4  5  6  7  8 |
---------------+-------------------------+-----
Stealth        | 2 3 |  3.3
Fighting       | 3 |  3.6
Dodging        | 3 |  3.5
Ranged Weapons | 5 7 |  7.6
Invocations    | 1 2 |  2.1

Action                   |  1- 3 |  4- 6 |  7- 9 || total
-------------------------+-------+-------+-------++-------
Melee: Dagger            |       |    10 |       ||    10
       Short sword       |       |       |     8 ||     8
 Fire: Shortbow          |   102 |   122 |    89 ||   313
  Use: Scroll            |       |     6 |     1 ||     7
Armor: Leather armour    |    11 |    10 |    24 ||    45
Dodge: Dodged            |    33 |    33 |    47 ||   113

Table legend: (Time is in decaauts)
 A = Elapsed time spent in this place.
 B = Non-inter-level travel time spent in this place.
 C = Inter-level travel time spent in this place.
 D = Time resting spent in this place.
 E = Time spent auto-exploring this place.
 F = Levels seen in this place.
 G = Mean time per level.
                   A        B        C        D        E       F      G
               +--------+--------+--------+--------+--------+-----+--------+
         Total |   6502 |   6361 |    141 |   1820 |   3505 |   5 | 1300.4 |
       Dungeon |   6502 |   6361 |    141 |   1820 |   3505 |   5 | 1300.4 |
               +--------+--------+--------+--------+--------+-----+--------+

Top non-repeatable levels by time:
     D:2: 1847 daAuts
     D:4: 1800 daAuts
     D:1: 1072 daAuts
     D:3: 895 daAuts
     D:5: 886 daAuts
